Map: Prion Terraces

Players

Miszu - Winner!

  • Race: Terran Terran
  • League: Master

llllllllllll

  • Race: Zerg Zerg
  • League: Master

VOD

Have the link to the VOD?

Description

Time

  • Played on: March 14, 2016, 3:43 p.m.
  • Length: 11:30
Show
View Real Time Build Order
Export as new Build Order

Miszu Terran - Winner!

Build Orders: Liberator Opening 

Get SALT Encoding   

  12  0:00  SCV  
  13  0:12  SCV  
  14  0:19  Supply Depot  
  14  0:24  SCV  
  15  0:40  SCV  
  16  0:43  Barracks  
  16  0:48  Refinery  
  16  0:53  SCV  
  17  1:05  SCV  
  18  1:17  SCV  
  20  1:33  Reaper, Orbital Command  
  20  1:39  Command Center  
  20  1:47  Supply Depot  
  20  1:59  SCV  
  21  2:03  Refinery  
  21  2:11  Barracks Reactor, SCV  
  22  2:23  SCV  
  22  2:28  Factory  
  23  2:36  SCV  
  24  2:48  SCV  
  24  2:49  Marine  
  24  2:50  Marine  
  27  2:55  Orbital Command  
  26  3:00  SCV  
  27  3:07  Bunker, Marine x2  
  27  3:12  SCV  
  30  3:16  Supply Depot, Starport, Factory Tech Lab  
  30  3:20  SCV  
  30  3:22  Supply Depot  
  30  3:24  SCV  
  32  3:30  Marine x2  
  32  3:33  SCV  
  35  3:36  SCV  
  35  3:38  Liberator  
  36  3:45  SCV  
  37  3:48  SCV  
  37  3:49  Marine x2  
  37  3:54  Supply Depot  
  40  3:57  SCV  
  40  4:00  SCV  
  45  4:03  Siege Tank  
  45  4:09  SCV  
  49  4:12  Marine x2  
  49  4:13  SCV  
  52  4:21  Supply Depot, SCV  
  53  4:28  Liberator  
  53  4:29  SCV  
  53  4:30  Marine x2  
  53  4:31  Supply Depot, Command Center  
  56  4:37  Siege Tank  
  59  4:44  SCV  
  63  4:48  Marine x2  
  51  5:18  SCV  
  52  5:25  SCV  
  52  5:28  Marine  
  54  5:30  SCV  
  54  5:33  Siege Tank  
  54  5:35  Marine  
  59  5:38  Barracks  
  59  5:39  Barracks  
  58  5:43  SCV  
  58  5:44  SCV  
  58  5:46  Marine, Refinery  
  58  5:47  Refinery  
  61  5:50  Orbital Command  
  61  5:53  Marine  
  61  5:56  SCV x2  
  64  5:59  Starport Reactor  
  64  6:03  Marine  
  65  6:08  SCV x2  
  65  6:11  Marine  
  68  6:15  Siege Tank  
  71  6:20  SCV x2  
  71  6:21  Marine  
  75  6:26  Engineering Bay, Barracks Tech Lab  
  75  6:27  Engineering Bay, Barracks Tech Lab  
  75  6:32  SCV x2  
  77  6:38  Medivac x2  
  82  6:44  Barracks x2, SCV  
  82  6:47  SCV  
  82  6:50  Marine  
  82  6:52  Marine  
  82  6:53  Marine  
  85  6:54  Marine  
  85  6:56  SCV  
  85  7:00  SCV  
  88  7:05  Armory  
  88  7:08  Marine, SCV  
  90  7:09  Orbital Command  
  90  7:10  Marine  
  90  7:12  SCV  
  94  7:19  Terran Infantry Armor Level 1  
  94  7:20  SCV  
  94  7:22  Terran Infantry Weapons Level 1  
  90  7:23  Missile Turret  
  90  7:24  SCV  
  90  7:26  Missile Turret  
  90  7:27  Missile Turret x2  
  91  7:30  Missile Turret  
  91  7:34  SCV x2  
  91  7:36  SCV  
  94  7:39  Barracks Reactor x2  
  94  7:40  Marine x3  
  94  7:41  Marine  
  98  7:46  SCV  
  98  7:47  SCV  
  100  7:56  Bunker  
  100  7:57  Supply Depot  
  100  7:58  Marine  
  100  8:00  Supply Depot x2  
  101  8:07  Supply Depot  
  101  8:08  Supply Depot x2  
  101  8:21  Marine x5, Medivac  
  101  8:22  Marine x2  
  111  8:30  Siege Tank  
  109  8:39  Marine x6  
  111  8:42  Barracks Tech Lab  
  111  8:48  Barracks Tech Lab, Medivac  
  112  8:56  Refinery, Missile Turret  
  112  8:57  Marine x6, Medivac, Missile Turret  
  112  8:58  Supply Depot, Refinery  
  112  8:59  Supply Depot  
  112  9:02  Siege Tank  
  123  9:03  Marauder  
  123  9:06  Barracks Tech Lab  
  123  9:07  Stimpack  
  125  9:12  Missile Turret  
  125  9:14  Marine x4  
  125  9:15  Marine x2  
  131  9:17  Missile Turret  
  131  9:18  Medivac  
  135  9:37  Command Center  
  133  9:44  Marine x7, Marauder  
  142  9:58  Medivac x2  
  146  10:01  Marine  
  146  10:02  Marine x6  
  146  10:04  Supply Depot  
  146  10:05  Marine  
  125  10:19  Marine  
  125  10:20  Marine x2  
  125  10:21  Marine x2  
  111  10:22  Marine, Marauder  
  111  10:23  Marine  
  111  10:24  Siege Tank  
  110  10:28  Medivac x2  
  110  10:34  Supply Depot  
  114  10:37  Marine  
  114  10:38  Marine x3  
  114  10:39  Marine  
  114  10:40  Marine  
  114  10:41  Marine  
  121  10:43  Marauder  
  123  10:52  Planetary Fortress  
  123  10:55  Marine x3  
  123  10:56  Marine  
  127  10:57  Marine  
  127  10:58  Reaper  
  127  10:59  Marauder  
  130  11:04  Marine  
Show
View Real Time Build Order
Export as new Build Order

llllllllllll Zerg 

Build Orders: Hatch First, Roach Nydus 

Get SALT Encoding   

  12  0:00  Drone  
  13  0:08  Drone  
  14  0:17  Overlord  
  14  0:23  Extractor, Drone  
  15  0:35  Drone x2  
  17  0:52  Hatchery  
  17  0:55  Drone  
  17  0:58  Drone  
  18  1:09  Extractor  
  17  1:13  Spawning Pool  
  17  1:16  Drone  
  17  1:20  Drone  
  18  1:27  Drone  
  19  1:37  Overlord  
  19  2:00  Zergling x4, Queen  
  23  2:04  Queen  
  23  2:05  Zergling x2  
  26  2:12  Metabolic Boost  
  26  2:14  Overlord  
  26  2:18  Drone  
  28  2:22  Drone  
  28  2:26  Drone  
  29  2:33  Drone  
  30  2:37  Drone  
  30  2:46  Drone  
  30  2:47  Queen  
  33  2:52  Lair  
  33  2:53  Drone  
  35  2:58  Drone  
  35  3:00  Drone  
  35  3:03  Drone  
  37  3:06  Extractor  
  37  3:09  Drone  
  37  3:13  Drone  
  37  3:14  Drone x3  
  37  3:16  Drone  
  37  3:18  Drone  
  43  3:20  Drone  
  43  3:25  Overlord  
  44  3:31  Extractor  
  43  3:36  Overlord  
  43  3:37  Drone  
  44  3:43  Queen  
  44  3:47  Roach Warren  
  45  3:49  Drone x3  
  45  3:55  Nydus Network  
  47  3:59  Queen  
  47  4:02  Overlord  
  49  4:06  Overlord  
  49  4:28  Roach x8  
  65  4:38  Nydus Canal  
  65  4:42  Zergling x12  
  71  4:51  Roach x2  
  70  5:03  Roach x6  
  69  5:08  Roach x2  
  60  5:21  Nydus Canal  
  60  5:24  Roach  
  60  5:25  Zergling x2  
  60  5:28  Ravager  
  64  5:29  Drone  
  64  5:30  Drone  
  64  5:32  Drone  
  67  5:36  Hatchery  
  60  5:44  Drone  
  60  5:45  Drone x2  
  60  5:47  Extractor  
  60  5:50  Drone x2  
  60  5:56  Overlord  
  60  5:57  Spire  
  61  6:02  Spore Crawler  
  60  6:04  Spore Crawler  
  59  6:12  Overlord  
  59  6:14  Queen  
  59  6:17  Drone x3  
  64  6:19  Ravager x3  
  64  6:24  Overlord  
  67  6:28  Overlord  
  67  6:30  Queen  
  67  6:31  Overlord  
  69  6:35  Evolution Chamber  
  68  6:50  Drone x4  
  68  6:53  Queen  
  70  7:10  Mutalisk  
  70  7:11  Mutalisk x4  
  80  7:24  Drone  
  80  7:25  Drone x6  
  86  7:33  Glial Reconstitution  
  86  7:41  Zerg Missile Weapons Level 1, Hatchery  
  86  7:42  Roach  
  86  7:43  Roach  
  89  7:45  Overlord  
  89  7:52  Overlord  
  89  7:55  Roach x2  
  93  8:00  Nydus Canal  
  93  8:01  Roach x2  
  93  8:04  Roach  
  101  8:05  Roach  
  101  8:06  Roach  
  101  8:08  Roach  
  101  8:10  Roach  
  101  8:12  Roach  
  109  8:15  Roach  
  109  8:17  Roach  
  113  8:21  Roach  
  113  8:22  Roach  
  113  8:32  Overlord x2  
  111  8:36  Roach x3  
  111  8:38  Roach x2  
  112  8:43  Overlord  
  112  8:44  Overlord  
  112  8:50  Roach  
  112  8:52  Roach  
  112  8:53  Roach x3  
  123  8:55  Ravager  
  123  9:01  Roach x3  
  129  9:08  Extractor  
  129  9:09  Extractor  
  127  9:11  Roach  
  127  9:12  Roach x3  
  135  9:20  Ravager  
  135  9:21  Ravager  
  137  9:27  Roach x3  
  143  9:36  Ravager  
  144  9:39  Overlord x2  
  144  9:42  Ravager  
  144  9:44  Overlord  
  144  9:45  Overlord  
  145  9:49  Roach  
  145  9:50  Roach x2  
  151  9:59  Overlord  
  153  10:00  Roach x5  
  137  10:15  Roach x6  
  137  10:18  Roach x2  
  137  10:20  Roach  
  131  10:23  Roach  
  131  10:28  Roach x2  
  115  10:33  Roach  
  115  10:34  Roach  
  119  10:36  Roach x2  
  119  10:39  Roach  
  119  10:41  Roach  
  127  10:44  Roach  
  127  10:49  Drone x3  
  132  10:51  Ravager  
  132  10:52  Roach  
  132  10:54  Ravager  
  136  11:02  Roach x4  
  136  11:04  Roach  
  146  11:10  Roach x5  
Tags
 
Add a new tag
Caveats
  • Supply blocks, unpowered buildings, or Contaminate may cause inaccurate times.
  • Supply counts are checked every 10 seconds.